[Event "January 9 Early 2024"]
[Site "https://www.chess.com"]
[Date "2024.01.11"]
[Round "11"]
[White "Iskusnyh, Sergei"]
[Black "Rangel, Daniel"]
[Result "0-1"]
[Board "52"]
[TimeControl "180+1"]
[WhiteFideId "4120027"]
[BlackFideId "2124475"]
[WhiteElo "2663"]
[BlackElo "2522"]
[WhiteTeam "RUS"]
[BlackTeam "BRA"]
[WhiteClock "0:00:11"]
[BlackClock "0:01:06"]

1. d4 Nf6 2. c4 e6 3. g3 d5 4. Bg2 Be7 5. Nf3 O-O 6. O-O a5 7. Nc3 c6 8. b3 b6 9. Qd3 Bb7 10. e4 Nbd7 11. Bb2 dxc4 12. bxc4 e5 13. d5 Nc5 14. Qc2 Bd6 15. Nh4 g6 16. Rad1 Qe7 17. Rfe1 Rac8 18. dxc6 Bxc6 19. Nd5 Nxd5 20. exd5 Ba4 21. Qd2 Bxd1 22. Qxd1 f5 23. f4 e4 24. Qd4 Kf7 25. Nf3 Nd3 26. Ng5+ Ke8 27. Qc3 Bb4 28. Qb3 Qc5+ 29. Kh1 Nf2+ 30. Kg1 Nh3+ 0-1

[Event "January 9 Early 2024"]
[Site "https://www.chess.com"]
[Date "2024.01.11"]
[Round "11"]
[White "Aronian, Levon"]
[Black "Vokhidov, Shamsiddin"]
[Result "1-0"]
[Board "53"]
[TimeControl "180+1"]
[WhiteFideId "13300474"]
[BlackFideId "14204223"]
[WhiteElo "3102"]
[BlackElo "3000"]
[WhiteTeam "USA"]
[BlackTeam "UZB"]
[WhiteClock "0:01:04"]
[BlackClock "0:00:20"]

1. e4 c5 2. Nf3 e6 3. c3 Nf6 4. Bd3 d5 5. e5 Nfd7 6. Bc2 c4 7. d4 cxd3 8. Qxd3 Nc6 9. Qe2 Qc7 10. Bf4 f6 11. Ba4 Nc5 12. Bb5 a6 13. Bxc6+ bxc6 14. Nbd2 a5 15. O-O f5 16. Nd4 Be7 17. Bg5 Bxg5 18. Qh5+ Qf7 19. Qxg5 Bd7 20. Qe3 f4 21. Qf3 O-O 22. b4 Na4 23. N2b3 Rfb8 24. a3 axb4 25. axb4 Be8 26. h4 h6 27. Nc5 Nxc5 28. bxc5 Bd7 29. Rxa8 Rxa8 30. Rb1 Ra5 31. Rb8+ Kh7 32. Qd3+ g6 33. Rb7 Qe7 34. h5 Kh8 35. Rb8+ Be8 36. Qb1 Qd7 37. Qxg6 1-0

[Event "January 9 Early 2024"]
[Site "https://www.chess.com"]
[Date "2024.01.11"]
[Round "11"]
[White "Korchmar, Vasiliy"]
[Black "Belov, Alexei"]
[Result "1-0"]
[Board "54"]
[TimeControl "180+1"]
[WhiteFideId "24131750"]
[BlackFideId "4128206"]
[WhiteElo "2723"]
[BlackElo "2570"]
[WhiteTeam "RUS"]
[BlackTeam "RUS"]
[WhiteClock "0:00:53"]
[BlackClock "0:00:10"]

1. e4 e6 2. d4 d5 3. exd5 exd5 4. Nf3 Nf6 5. h3 c5 6. Bb5+ Nc6 7. O-O Be7 8. dxc5 O-O 9. Be3 Ne4 10. Nc3 Nxc3 11. bxc3 Qa5 12. Rb1 Qxc3 13. Qxd5 Be6 14. Qh5 g6 15. Qh6 Bxa2 16. Bxc6 Bxb1 17. Bd4 Qxd4 18. Nxd4 bxc6 19. Rxb1 Bxc5 20. Nf5 gxf5 21. Rb3 Bd4 22. Qxc6 Rac8 23. Qd5 Bg7 24. Qxf5 Kh8 25. Rb7 a6 26. Rxf7 Kg8 27. Rxf8+ Rxf8 28. Qe6+ Kh8 29. Qxa6 Bd4 30. Qe2 1-0

[Event "January 9 Early 2024"]
[Site "https://www.chess.com"]
[Date "2024.01.11"]
[Round "11"]
[White "Terziev, Dimo"]
[Black "Kostiukov, Alexandr"]
[Result "0-1"]
[Board "55"]
[TimeControl "180+1"]
[WhiteFideId "2925397"]
[BlackFideId "14108100"]
[WhiteElo "2152"]
[BlackElo "2291"]
[WhiteTeam "BUL"]
[BlackTeam "UKR"]
[WhiteClock "0:00:01"]
[BlackClock "0:00:48"]

1. e4 c5 2. Nf3 g6 3. d4 cxd4 4. Qxd4 Nf6 5. c4 Nc6 6. Qe3 Bg7 7. Be2 O-O 8. O-O d6 9. Nc3 Ng4 10. Qd2 h6 11. h3 Nge5 12. b3 Be6 13. Bb2 Rc8 14. Rfd1 Nxf3+ 15. Bxf3 Nd4 16. Qe3 Nc2 17. Qd2 Nxa1 18. Rxa1 Qa5 19. Qe3 a6 20. Rb1 b5 21. Bg4 Bxg4 22. hxg4 e6 23. Ne2 Qxa2 24. Qc1 bxc4 25. Bxg7 Kxg7 26. Nc3 Qa5 27. b4 Qe5 0-1

[Event "January 9 Early 2024"]
[Site "https://www.chess.com"]
[Date "2024.01.11"]
[Round "11"]
[White "Rozman, Levy"]
[Black "Gabrielian, Artur"]
[Result "0-1"]
[Board "56"]
[TimeControl "180+1"]
[WhiteFideId "2039877"]
[BlackFideId "4131002"]
[WhiteElo "2648"]
[BlackElo "2795"]
[WhiteTeam "USA"]
[BlackTeam "RUS"]
[WhiteClock "0:00:02"]
[BlackClock "0:01:06"]

1. e4 c5 2. a3 g6 3. Nc3 Nc6 4. Bc4 Bg7 5. d3 d6 6. h4 h5 7. Nh3 Bxh3 8. Rxh3 Nf6 9. Bg5 Qd7 10. Rb1 Ng4 11. f3 Nge5 12. Ba2 Nd4 13. Ne2 Bh6 14. Bxh6 Rxh6 15. c3 Ndxf3+ 16. Rxf3 Nxf3+ 17. gxf3 Qh3 18. Qd2 Qh1+ 19. Kf2 Qxh4+ 20. Kg2 Rh8 21. d4 Qf6 22. dxc5 dxc5 23. Qd5 Rd8 24. Qxb7 h4 25. Qb5+ Kf8 26. Qxc5 h3+ 27. Kf2 Rh5 28. Qc4 h2 29. Rh1 Rh3 30. Nd4 Rxd4 31. Qc8+ Kg7 32. Qxh3 Rd2+ 33. Ke3 Rxb2 34. Rxh2 Qxc3+ 35. Kf4 Qc1+ 36. Kg4 Qg1+ 0-1

[Event "January 9 Early 2024"]
[Site "https://www.chess.com"]
[Date "2024.01.11"]
[Round "11"]
[White "Mendez Fortes, Eduardo Jesus"]
[Black "Akobian, Varuzhan"]
[Result "0-1"]
[Board "57"]
[TimeControl "180+1"]
[WhiteFideId "3502376"]
[BlackFideId "13300580"]
[WhiteElo "2557"]
[BlackElo "2724"]
[WhiteTeam "CUB"]
[BlackTeam "USA"]
[WhiteClock "0:00:12"]
[BlackClock "0:00:33"]

1. e4 d6 2. d4 Nf6 3. Nc3 c6 4. f4 Qa5 5. e5 Ne4 6. Bd3 Nxc3 7. Qd2 d5 8. bxc3 e6 9. Nf3 c5 10. O-O c4 11. Be2 Nd7 12. f5 exf5 13. Nh4 g6 14. g4 Be7 15. Qh6 Qxc3 16. Nf3 fxg4 17. Bd2 Qxc2 18. e6 fxe6 19. Nh4 Bxh4 20. Qg7 Rf8 21. Bh6 Bf6 22. Qxh7 Bxd4+ 23. Kg2 Qxe2+ 24. Kg3 Be5+ 25. Kh4 Qxh2+ 26. Kg5 Qh5# 0-1

[Event "January 9 Early 2024"]
[Site "https://www.chess.com"]
[Date "2024.01.11"]
[Round "11"]
[White "Mikhailovsky, Vladimir"]
[Black "Lund, Gunnar"]
[Result "0-1"]
[Board "58"]
[TimeControl "180+1"]
[WhiteFideId "34105414"]
[BlackFideId "1520814"]
[WhiteElo "2805"]
[BlackElo "2675"]
[WhiteTeam "RUS"]
[BlackTeam "NOR"]
[WhiteClock "0:00:03"]
[BlackClock "0:01:00"]

1. e4 e6 2. d4 d5 3. e5 c5 4. c3 Nc6 5. Nf3 Bd7 6. Be2 f6 7. O-O fxe5 8. dxe5 Qc7 9. Re1 O-O-O 10. Bf4 Nh6 11. Na3 a6 12. Nc2 Nf7 13. b4 c4 14. Ncd4 Rg8 15. Nxc6 Bxc6 16. Nd4 Bd7 17. Bg4 Re8 18. a4 b6 19. Qf3 g6 20. Be3 Nxe5 21. Qh3 Nxg4 22. Qxg4 e5 23. Qh4 exd4 24. Bxd4 Bd6 25. Qxh7 Bf5 26. Qh4 Kb7 27. h3 Be4 28. Re2 g5 29. Qh5 Qh7 30. Qxh7+ Bxh7 31. Rae1 Bg6 32. Re6 Bc7 33. Re7 Rxe7 34. Rxe7 Re8 35. Rg7 Re1# 0-1

[Event "January 9 Early 2024"]
[Site "https://www.chess.com"]
[Date "2024.01.11"]
[Round "11"]
[White "Golubev, Mikhail"]
[Black "Shohat, Yotam"]
[Result "0-1"]
[Board "59"]
[TimeControl "180+1"]
[WhiteFideId "14100983"]
[BlackFideId "2813955"]
[WhiteElo "2611"]
[BlackElo "2471"]
[WhiteTeam "UKR"]
[BlackTeam "ISR"]
[WhiteClock "0:00:12"]
[BlackClock "0:01:15"]

1. e4 c5 2. Nf3 g6 3. d4 cxd4 4. Nxd4 Nc6 5. Nc3 Bg7 6. Be3 Nf6 7. Nxc6 bxc6 8. e5 Nd5 9. Nxd5 cxd5 10. Qxd5 Rb8 11. O-O-O Qc7 12. Bd4 O-O 13. Qc5 Qxc5 14. Bxc5 Bxe5 15. b3 d6 16. Bxa7 Ra8 17. Bd4 Bxd4 18. Rxd4 Rxa2 19. Kb1 Ra7 20. Bb5 Bb7 21. f3 Rfa8 22. Ra4 Rxa4 23. Bxa4 d5 24. Re1 e6 25. Kb2 Kf8 26. f4 Ke7 27. g3 Kd6 28. Bb5 h5 29. h4 f6 30. Bd3 Rg8 31. c4 g5 32. hxg5 fxg5 33. Re5 h4 34. Rxg5 Rxg5 35. fxg5 hxg3 36. Bf1 dxc4 37. g6 Ke7 38. bxc4 g2 39. Bxg2 Bxg2 40. Kc3 Kf6 41. Kd4 e5+ 0-1

[Event "January 9 Early 2024"]
[Site "https://www.chess.com"]
[Date "2024.01.11"]
[Round "11"]
[White "Eilenberg, Jonas"]
[Black "Vincenti, Leonardo"]
[Result "1-0"]
[Board "60"]
[TimeControl "180+1"]
[WhiteFideId "16204271"]
[BlackFideId "28550820"]
[WhiteElo "2405"]
[BlackElo "2222"]
[WhiteTeam "GER"]
[BlackTeam "ITA"]
[WhiteClock "0:02:01"]
[BlackClock "0:00:01"]

1. d4 Nf6 2. Nc3 d5 3. Bf4 e6 4. e3 Bd6 5. Bd3 Bxf4 6. exf4 c5 7. dxc5 Qc7 8. Nce2 Qxc5 9. Nf3 Nc6 10. c3 Qe7 11. O-O O-O 12. Re1 h6 13. Ned4 Nd7 14. g3 Qf6 15. Qd2 Nc5 16. Bc2 Bd7 17. Nxc6 Bxc6 18. Ne5 Rfd8 19. Qd4 Qe7 20. f5 Qf6 21. Qxc5 exf5 22. Nxc6 bxc6 23. Qe7 Qxe7 24. Rxe7 Re8 25. Rae1 Kf8 26. Rxe8+ Rxe8 27. Rxe8+ Kxe8 28. Bxf5 Ke7 29. Kf1 c5 30. Ke2 Kd6 31. Bc2 f6 32. Ke3 g5 33. f4 a5 34. a3 Kc6 35. Bd3 Kd6 36. b4 axb4 37. axb4 d4+ 38. cxd4 cxb4 39. Bc4 Kc6 40. Ke4 Kd6 41. Bb3 Ke7 42. Kf5 gxf4 43. gxf4 Kd6 44. Kxf6 h5 45. Kg5 h4 46. Kxh4 Ke7 47. Kg5 Kf8 48. Kf6 Ke8 49. h4 Kf8 50. h5 Ke8 51. h6 Kd8 52. h7 Kd7 53. h8=Q Kc7 54. Ke6 Kb6 55. Kd6 Kb7 56. Bd5+ Kb6 57. Qb8+ Ka5 58. Qa7+ Kb5 59. Qc5+ Ka6 60. Bc4+ Kb7 61. Qc7+ Ka8 62. Bd5# 1-0

[Event "January 9 Early 2024"]
[Site "https://www.chess.com"]
[Date "2024.01.11"]
[Round "11"]
[White "Saim, Mohamed Ilias"]
[Black "Guevara Sanchez, Erick Marvin"]
[Result "1-0"]
[Board "61"]
[TimeControl "180+1"]
[WhiteFideId "7900465"]
[BlackFideId "6700136"]
[WhiteElo "2109"]
[BlackElo "2185"]
[WhiteTeam "ALG"]
[BlackTeam "ESA"]
[WhiteClock "0:00:58"]
[BlackClock "0:00:03"]

1. d4 f5 2. Bf4 Nf6 3. h3 Nd5 4. Bh2 d6 5. c4 Nb6 6. e3 g6 7. Bd3 Bg7 8. g4 O-O 9. gxf5 Bxf5 10. Ne2 N8d7 11. Nbc3 c6 12. e4 Be6 13. d5 Bf7 14. f4 Nc5 15. Qd2 e5 16. fxe5 dxe5 17. O-O-O h5 18. Kb1 a5 19. Rhg1 Kh7 20. Qg5 Qxg5 21. Rxg5 Rae8 22. b3 Nxd3 23. Rxd3 Bh6 24. Rxe5 Rxe5 25. Bxe5 Be8 26. Rd1 Nd7 27. Bd6 Bg7 28. Bxf8 Bxf8 29. Nf4 Ne5 30. Ne6 Be7 31. c5 cxd5 32. exd5 g5 33. d6 Bf6 34. Ne4 Bg6 35. Re1 Nc6 36. Kc1 1-0

[Event "January 9 Early 2024"]
[Site "https://www.chess.com"]
[Date "2024.01.11"]
[Round "11"]
[White "Yushko, Olga"]
[Black "de Lisle, Sarah"]
[Result "1-0"]
[Board "62"]
[TimeControl "180+1"]
[WhiteFideId "14114500"]
[BlackFideId "402605"]
[WhiteElo "2104"]
[BlackElo "1949"]
[WhiteTeam "UKR"]
[BlackTeam "ENG"]
[WhiteClock "0:00:44"]
[BlackClock "0:00:09"]

1. d4 d5 2. c4 e6 3. cxd5 exd5 4. Nc3 c6 5. Bg5 Be7 6. Bxe7 Qxe7 7. e3 Nf6 8. Bd3 O-O 9. Qc2 b6 10. Nf3 Bb7 11. h4 Re8 12. h5 c5 13. h6 g6 14. O-O-O Ne4 15. Ne5 Nd7 16. f4 Nxc3 17. bxc3 Nxe5 18. fxe5 Qg5 19. Kb1 Rac8 20. Rdf1 Qxe3 21. Rf3 Qg5 22. Qf2 Re7 23. Rf1 Rcc7 24. e6 f5 25. Bxf5 gxf5 26. Rg3 1-0

[Event "January 9 Early 2024"]
[Site "https://www.chess.com"]
[Date "2024.01.11"]
[Round "11"]
[White "Mrithyunjay Mahadevan"]
[Black "Vlassov, Nikolai"]
[Result "0-1"]
[Board "63"]
[TimeControl "180+1"]
[WhiteFideId "45003521"]
[BlackFideId "4103360"]
[WhiteElo "2486"]
[BlackElo "2666"]
[WhiteTeam "IND"]
[BlackTeam "FID"]
[WhiteClock "0:00:12"]
[BlackClock "0:01:24"]

1. e4 Nc6 2. Nf3 d5 3. exd5 Qxd5 4. Nc3 Qa5 5. d4 Bg4 6. Be2 O-O-O 7. Be3 Nf6 8. h3 Bxf3 9. Bxf3 Nxd4 10. Bxd4 Qb4 11. Bg4+ e6 12. a3 Qxd4 13. Qxd4 Rxd4 14. Nb5 Re4+ 15. Be2 a6 16. Nc3 Rd4 17. O-O Bc5 18. Rfd1 Rhd8 19. Rxd4 Bxd4 20. Nd1 Ne4 21. Bd3 Nc5 22. Be2 Na4 23. c3 Ba7 24. Kf1 f5 25. Ke1 e5 26. Bc4 Rd6 27. Bb3 Nc5 28. Bc2 e4 29. Ne3 g6 30. Rd1 Rxd1+ 31. Kxd1 Kd7 32. Ke2 Ne6 33. g3 Bxe3 34. Kxe3 Kd6 35. h4 Ke5 36. Bb3 c5 37. a4 b5 38. axb5 axb5 39. f4+ exf3 40. Kxf3 c4 41. Bc2 Nc5 42. Ke3 Na4 43. b3 Nxc3 44. bxc4 bxc4 45. Kd2 Ne4+ 0-1

[Event "January 9 Early 2024"]
[Site "https://www.chess.com"]
[Date "2024.01.11"]
[Round "11"]
[White "Hambleton, Aman"]
[Black "Salman, Ilhan Serhat"]
[Result "0-1"]
[Board "64"]
[TimeControl "180+1"]
[WhiteFideId "2606577"]
[BlackFideId "6361579"]
[WhiteElo "2724"]
[BlackElo "2523"]
[WhiteTeam "CAN"]
[BlackTeam "TUR"]
[WhiteClock "0:00:01"]
[BlackClock "0:00:23"]

1. d4 d5 2. Bf4 Bf5 3. c4 e6 4. Nc3 Nf6 5. Qb3 Nc6 6. e3 Bb4 7. Bg5 O-O 8. cxd5 exd5 9. Nf3 h6 10. Bxf6 Qxf6 11. Qxd5 Rad8 12. Qb5 Rfe8 13. Be2 a6 14. Qxb7 Be4 15. Qxa6 Rd6 16. Qc4 Bd5 17. Qd3 Bxf3 18. gxf3 Nxd4 19. exd4 Rxd4 20. Qc2 Qxf3 21. Rg1 Rxe2+ 22. Qxe2 Re4 0-1

[Event "January 9 Early 2024"]
[Site "https://www.chess.com"]
[Date "2024.01.11"]
[Round "11"]
[White "Radibratovic, Predrag"]
[Black "Kohler, Aran"]
[Result "0-1"]
[Board "65"]
[TimeControl "180+1"]
[WhiteFideId "902012"]
[BlackFideId "1002856"]
[WhiteElo "2490"]
[BlackElo "2292"]
[WhiteTeam "SRB"]
[BlackTeam "NED"]
[WhiteClock "0:01:29"]
[BlackClock "0:00:40"]

1. d4 Nf6 2. Bg5 c5 3. Bxf6 exf6 4. c3 cxd4 5. cxd4 d5 6. Nc3 Nc6 7. e3 Bb4 8. Ne2 O-O 9. a3 Ba5 10. b4 Bc7 11. Qb3 Be6 12. g3 a5 13. b5 a4 14. Qa2 Na5 15. Nf4 Nb3 16. Rd1 Ba5 17. Ne2 Rc8 18. Qb2 Bg4 19. Rd3 Bf3 20. Rg1 Qc7 21. Bg2 Bxe2 22. Kxe2 Bxc3 23. Qc2 Ba5 24. Qxc7 Rxc7 25. Bxd5 Rc2+ 26. Kf3 Nd2+ 27. Kg2 b6 28. Bc6 Nb3 29. Bd5 Rc3 30. Rxc3 Bxc3 31. Rb1 Na5 32. Be4 g6 33. Bc2 Nb3 34. Bxb3 axb3 35. Rxb3 Ba5 36. d5 Rc8 37. d6 Kf8 38. Rd3 Rd8 39. e4 h5 40. f4 Ke8 41. e5 fxe5 42. fxe5 Kd7 43. Kf3 Ke6 44. Ke4 f6 45. exf6 Rxd6 46. Rf3 Kf7 47. Ke5 Re6+ 48. Kd5 Rxf6 49. Re3 Rf5+ 50. Kc6 Rc5+ 51. Kd6 Kf6 52. Rf3+ Kg5 53. Rb3 Kg4 54. a4 g5 55. Ke6 Kh3 56. Kf6 g4 57. Rb2 Rd5 58. Kg6 h4 59. gxh4 Kxh4 60. Rg2 Rd2 61. Rxd2 Bxd2 62. Kf5 Kh3 63. Ke4 Kxh2 0-1

[Event "January 9 Early 2024"]
[Site "https://www.chess.com"]
[Date "2024.01.11"]
[Round "11"]
[White "Plyasunov, Daniil"]
[Black "Sierra Vallina, Lionel"]
[Result "0-1"]
[Board "66"]
[TimeControl "180+1"]
[WhiteFideId "44133839"]
[BlackFideId "54559774"]
[WhiteElo "2732"]
[BlackElo "2641"]
[WhiteTeam "RUS"]
[BlackTeam "ESP"]
[WhiteClock "0:01:05"]
[BlackClock "0:00:22"]

1. e4 c6 2. d4 d5 3. e5 Bf5 4. h4 h5 5. c4 e6 6. Nc3 dxc4 7. Bxc4 Nd7 8. Nge2 Ne7 9. Ng3 Bg6 10. Bg5 Qc7 11. Qf3 Nf5 12. Nxf5 Bxf5 13. O-O Nb6 14. Bb3 Be7 15. Bxe7 Qxe7 16. g3 Rd8 17. Rad1 Bg4 18. Qf4 Bxd1 19. Rxd1 Nd5 20. Nxd5 exd5 21. Bc2 g6 22. Re1 Qe6 23. Qf6 Kd7 24. Qf3 Kc7 25. b4 Kb8 26. a4 Rhf8 27. Qc3 f6 28. f4 fxe5 29. dxe5 d4 30. Qd3 Qg4 31. Kh2 Rxf4 32. gxf4 Qxh4+ 33. Kg2 Qxe1 34. Qxg6 Qd2+ 35. Kh3 Qe3+ 36. Qg3 Qxg3+ 37. Kxg3 d3 38. Bd1 d2 39. f5 Kc7 40. Kf4 Rd4+ 41. Kg5 h4 42. f6 Kd7 43. Kg6 h3 44. Kf7 h2 45. e6+ Kc7 46. e7 Rd7 47. Ke6 h1=Q 48. e8=Q Qd5# 0-1

[Event "January 9 Early 2024"]
[Site "https://www.chess.com"]
[Date "2024.01.11"]
[Round "11"]
[White "Goncalves, Samuel Jesus P"]
[Black "Yurasov, Matfey"]
[Result "0-1"]
[Board "67"]
[TimeControl "180+1"]
[WhiteFideId "1945130"]
[BlackFideId "55617603"]
[WhiteElo "2421"]
[BlackElo "2543"]
[WhiteTeam "POR"]
[BlackTeam "FID"]
[WhiteClock "0:00:03"]
[BlackClock "0:01:11"]

1. e4 e5 2. Nf3 Nf6 3. Nc3 Bb4 4. a3 Ba5 5. Be2 O-O 6. b4 Bb6 7. O-O d6 8. d3 h6 9. Na4 Be6 10. Nxb6 axb6 11. c4 Nbd7 12. Bb2 c6 13. Qc2 b5 14. cxb5 cxb5 15. d4 Rc8 16. Qb1 exd4 17. Nxd4 Bc4 18. Rd1 Ne5 19. h3 Bxe2 20. Nxe2 Nc4 21. Nd4 Nxb2 22. Qxb2 Nxe4 23. Nf5 Qg5 24. Nxd6 Nxd6 25. Rxd6 Rc4 26. Rad1 Rfc8 27. R6d5 Qf4 28. Qe2 Rc1 29. g3 Qf6 30. Kh2 R8c2 31. Rd8+ Kh7 32. R8d2 Rxd2 33. Rxd2 Qc6 34. f3 Qb6 35. Qg2 Qe3 36. Rf2 Qxa3 37. g4 Qxb4 38. Qg3 Qe1 39. Qg2 b4 40. f4 b3 41. Re2 Qxe2 42. Qxe2 Rc2 0-1

[Event "January 9 Early 2024"]
[Site "https://www.chess.com"]
[Date "2024.01.11"]
[Round "11"]
[White "Tifferet, Shakked"]
[Black "Timerkhanov, Alexander"]
[Result "0-1"]
[Board "68"]
[TimeControl "180+1"]
[WhiteFideId "2811529"]
[BlackFideId "24177938"]
[WhiteElo "2490"]
[BlackElo "2664"]
[WhiteTeam "ISR"]
[BlackTeam "RUS"]
[WhiteClock "0:00:03"]
[BlackClock "0:01:36"]

1. Nc3 d5 2. d4 c6 3. e4 dxe4 4. Nxe4 Nf6 5. Nxf6+ exf6 6. c3 Bd6 7. Bd3 O-O 8. Ne2 Re8 9. O-O Nd7 10. Bf4 Nf8 11. Bxd6 Qxd6 12. Qd2 Ng6 13. Rfe1 Bd7 14. Ng3 Nh4 15. Rxe8+ Rxe8 16. Re1 Rxe1+ 17. Qxe1 f5 18. f3 g5 19. Qe5 Qxe5 20. dxe5 Be6 21. a4 b6 22. b4 h6 23. a5 f4 24. Ne4 Ng6 25. Nf6+ Kg7 26. Nh5+ Kf8 27. Bxg6 fxg6 28. Nf6 Ke7 29. Kf2 Bc4 30. g3 Ke6 31. gxf4 gxf4 32. axb6 axb6 33. Ne8 Kxe5 34. h3 Bf7 35. Nc7 Kd6 36. Na8 b5 37. Ke2 Bd5 38. Kf2 c5 39. Nb6 cxb4 40. cxb4 Bb7 41. Ke2 Kc6 42. h4 Kxb6 43. h5 gxh5 44. Kf2 Bd5 45. Kg2 Kc6 46. Kh3 Bxf3 47. Kh4 Bd5 48. Kh3 f3 49. Kg3 Kd6 50. Kf2 Ke5 51. Kg3 Kd4 52. Kh4 Ke3 53. Kg3 f2 54. Kh2 f1=Q 55. Kg3 Qg2+ 56. Kh4 Qg4# 0-1

[Event "January 9 Early 2024"]
[Site "https://www.chess.com"]
[Date "2024.01.11"]
[Round "11"]
[White "Van Kooten, Luuk"]
[Black "Subramanian, Anusha"]
[Result "1-0"]
[Board "69"]
[TimeControl "180+1"]
[WhiteFideId "1006533"]
[BlackFideId "477710"]
[WhiteElo "2262"]
[BlackElo "2103"]
[WhiteTeam "NED"]
[BlackTeam "ENG"]
[WhiteClock "0:00:50"]
[BlackClock "0:00:02"]

1. d4 Nf6 2. c4 e6 3. Nc3 Bb4 4. f3 d5 5. a3 Bxc3+ 6. bxc3 O-O 7. cxd5 exd5 8. e3 Re8 9. Bd3 c5 10. Ne2 b6 11. O-O Bb7 12. Ng3 Nbd7 13. Ra2 c4 14. Bb1 b5 15. Re1 a5 16. e4 dxe4 17. fxe4 b4 18. axb4 axb4 19. Rxa8 Qxa8 20. d5 bxc3 21. Nf5 Qa7+ 22. Be3 Qa6 23. Bd4 Ne5 24. Bxc3 g6 25. Nh6+ Kg7 26. Qd2 Qd6 27. h3 Qc5+ 28. Kh1 Qd6 29. Rf1 Rb8 30. Qg5 Re8 31. Nf5+ Kf8 32. Nxd6 Re7 33. Qxf6 Rd7 34. Bxe5 Rxd6 35. Bxd6+ Ke8 36. Qe7# 1-0

[Event "January 9 Early 2024"]
[Site "https://www.chess.com"]
[Date "2024.01.11"]
[Round "11"]
[White "Ibarra Jerez, Jose Carlos"]
[Black "Bindrich, Falko"]
[Result "0-1"]
[Board "70"]
[TimeControl "180+1"]
[WhiteFideId "2226332"]
[BlackFideId "4676670"]
[WhiteElo "2923"]
[BlackElo "2845"]
[WhiteTeam "ESP"]
[BlackTeam "GER"]
[WhiteClock "0:00:02"]
[BlackClock "0:01:09"]

1. e4 e5 2. Nf3 Nc6 3. Nc3 Nf6 4. h3 Bb4 5. Nd5 Bc5 6. c3 Nxe4 7. d4 Be7 8. dxe5 d6 9. Bf4 O-O 10. Nxe7+ Qxe7 11. exd6 Nxd6+ 12. Be2 Re8 13. Bxd6 cxd6 14. Qd2 Bf5 15. Kf1 Qf6 16. Rd1 Rad8 17. Nd4 Be4 18. f3 Ne5 19. h4 h6 20. Kf2 a6 21. Kg3 Bh7 22. Qf4 Qe7 23. h5 Qc7 24. Rhe1 Qb6 25. Rd2 Qa5 26. a3 Nd7 27. Qh4 Nf6 28. Rh1 Re5 29. Kf2 Rxh5 30. Qxh5 Nxh5 31. Rhd1 Nf6 32. Bf1 Qg5 33. Ne2 Qe5 34. Rd4 g5 35. Ng3 Qc5 36. Kg1 Kg7 37. Kh2 h5 38. Bd3 h4 39. Nf1 Qe5+ 40. Kg1 Bxd3 41. R4xd3 Nh5 42. Ne3 Nf4 43. Kf2 Nxd3+ 0-1

[Event "January 9 Early 2024"]
[Site "https://www.chess.com"]
[Date "2024.01.11"]
[Round "11"]
[White "Piesik, Piotr"]
[Black "Bachmann, Axel"]
[Result "0-1"]
[Board "71"]
[TimeControl "180+1"]
[WhiteFideId "1136194"]
[BlackFideId "3700488"]
[WhiteElo "2670"]
[BlackElo "2900"]
[WhiteTeam "CZE"]
[BlackTeam "PAR"]
[WhiteClock "0:00:21"]
[BlackClock "0:00:37"]

1. d4 Nf6 2. c4 e6 3. Nc3 c5 4. d5 exd5 5. cxd5 d6 6. e4 g6 7. f4 Bg7 8. Bb5+ Nfd7 9. a4 O-O 10. Nf3 Na6 11. O-O Nb4 12. Re1 Re8 13. Be3 a6 14. Bf1 Nf6 15. Bf2 Bg4 16. Rc1 Rc8 17. h3 Bxf3 18. Qxf3 Nd7 19. Kh2 c4 20. Rcd1 Nc5 21. Bxc4 Nxa4 22. Nxa4 Rxc4 23. Nb6 Rc2 24. b3 Rc3 25. Re3 Rc2 26. Re2 f5 27. Rxc2 fxe4 28. Qe2 Nxc2 29. Qxc2 e3 30. Bxe3 Rxe3 31. Qc8 Qxc8 32. Nxc8 Bf8 33. b4 Re4 34. b5 axb5 35. Rb1 b4 36. Nb6 Rxf4 0-1

[Event "January 9 Early 2024"]
[Site "https://www.chess.com"]
[Date "2024.01.11"]
[Round "11"]
[White "Sultanbek, Zeinep"]
[Black "Martinez, Shawn"]
[Result "0-1"]
[Board "72"]
[TimeControl "180+1"]
[WhiteFideId "13710419"]
[BlackFideId "2039770"]
[WhiteElo "2306"]
[BlackElo "2444"]
[WhiteTeam "KAZ"]
[BlackTeam "USA"]
[WhiteClock "0:00:04"]
[BlackClock "0:00:26"]

1. d4 d5 2. c4 e6 3. Nf3 Be7 4. g3 Nf6 5. Bg2 Nc6 6. O-O O-O 7. Qc2 Bd7 8. a3 dxc4 9. Nbd2 Na5 10. Ne5 Be8 11. Ndxc4 Nxc4 12. Qxc4 Nd5 13. e4 Nb6 14. Qc3 a5 15. Be3 a4 16. d5 exd5 17. Bxb6 cxb6 18. exd5 Bc5 19. Nd3 Bd6 20. Rfe1 Bb5 21. Ne5 Rc8 22. Qd4 Rc2 23. Qe4 Qc7 24. Bf1 Qc5 25. Bxb5 Qxf2+ 0-1

[Event "January 9 Early 2024"]
[Site "https://www.chess.com"]
[Date "2024.01.11"]
[Round "11"]
[White "Ljukin, Sergei"]
[Black "Biriukov, Ilja"]
[Result "1-0"]
[Board "73"]
[TimeControl "180+1"]
[WhiteFideId "14102200"]
[BlackFideId "4113373"]
[WhiteElo "2498"]
[BlackElo "2238"]
[WhiteTeam "UKR"]
[BlackTeam "RUS"]
[WhiteClock "0:00:12"]
[BlackClock "0:00:23"]

1. e4 e6 2. d4 d5 3. Nc3 Bb4 4. e5 c5 5. a3 cxd4 6. axb4 dxc3 7. Qg4 Ne7 8. Qxg7 Rg8 9. Qxh7 Qc7 10. Nf3 Nbc6 11. bxc3 Nxe5 12. Bd2 Nc4 13. Bg5 Nd6 14. Bxe7 Qxc3+ 15. Ke2 Qxa1 16. Bxd6 Rh8 17. Qd3 Bd7 18. Kd2 a6 19. Be5 Qa4 20. Bxh8 O-O-O 21. Bc3 Bb5 22. Qd4 f6 23. Bxb5 axb5 24. Qxf6 Kb8 25. Ra1 1-0

[Event "January 9 Early 2024"]
[Site "https://www.chess.com"]
[Date "2024.01.11"]
[Round "11"]
[White "Tarnowska, Aleksandra"]
[Black "Skaric, Djuro"]
[Result "0-1"]
[Board "74"]
[TimeControl "180+1"]
[WhiteFideId "1180967"]
[BlackFideId "934569"]
[WhiteElo "2178"]
[BlackElo "2295"]
[WhiteTeam "POL"]
[BlackTeam "SRB"]
[WhiteClock "0:00:07"]
[BlackClock "0:00:40"]

1. e4 d6 2. d4 g6 3. Nc3 Bg7 4. Be3 Nf6 5. Qd2 O-O 6. f3 Nc6 7. g4 e5 8. d5 Ne7 9. h4 h5 10. gxh5 Nxh5 11. O-O-O a6 12. Nh3 b5 13. Bh6 f5 14. Bxg7 Kxg7 15. Rg1 f4 16. Ne2 Rh8 17. Ng5 Qf8 18. Qc3 Ra7 19. Bh3 Bxh3 20. Nxh3 Ng3 21. Nxg3 fxg3 22. Rxg3 Rxh4 23. Rdg1 Qf6 24. Ng5 c5 25. Ne6+ Kh8 26. Qa5 Ra8 27. Qc7 Rg8 28. Qxd6 Rh2 29. Qd7 g5 30. Nxg5 Qf4+ 31. Kb1 Qxg3 32. Nf7+ Kh7 33. Qf5+ Nxf5 0-1

[Event "January 9 Early 2024"]
[Site "https://www.chess.com"]
[Date "2024.01.11"]
[Round "11"]
[White "Van Foreest, Jorden"]
[Black "Ter-Sahakyan, Samvel"]
[Result "1-0"]
[Board "75"]
[TimeControl "180+1"]
[WhiteFideId "1039784"]
[BlackFideId "13302531"]
[WhiteElo "3020"]
[BlackElo "2912"]
[WhiteTeam "NED"]
[BlackTeam "ARM"]
[WhiteClock "0:00:55"]
[BlackClock "0:00:04"]

1. e4 c5 2. Nf3 e6 3. c3 d5 4. exd5 exd5 5. d4 Nc6 6. Bb5 Bd6 7. O-O Ne7 8. dxc5 Bxc5 9. Nbd2 O-O 10. Nb3 Bb6 11. Re1 Nf5 12. Bf1 h6 13. g3 Qf6 14. Bg2 Be6 15. Bf4 Rad8 16. Ne5 Rfe8 17. Qd2 Nd6 18. Nxc6 bxc6 19. Be5 Qg6 20. Bxd6 Rxd6 21. c4 Rdd8 22. c5 Bc7 23. Nd4 Bd7 24. b4 Qf6 25. Rad1 Be5 26. Re3 Bc7 27. Ra3 Bb8 28. Ra6 Be5 29. h3 h5 30. b5 Bxd4 31. Qxd4 Re1+ 32. Kh2 Qxd4 33. Rxd4 Rc1 34. bxc6 Be6 35. c7 Rc8 36. Bxd5 Bxd5 37. Rxd5 Rxc7 38. Rxh5 g6 39. Rd5 Kg7 40. Kg2 1-0